 Dungeon Crawl Stone Soup version 0.30.1-3-gfc49f6343a (webtiles) character file.

Game seed: 13455109499785726964

231 Heoruswealwe the Trooper (level 5, 0/46 HPs)
             Began as a Demigod Fighter on Aug 2, 2023.
             Slain by an orc
             ... wielding a +0 flail
              (6 damage)
             ... on level 3 of the Dungeon.
             The game lasted 00:20:27 (2537 turns).

Heoruswealwe the Trooper (Demigod Fighter)          Turns: 2537, Time: 00:20:27

Health: 0/46       AC: 12    Str: 18 (21) XL:     5   Next: 44%
Magic:  7/7        EV:  7    Int:  7 (10) God:
Gold:   143        SH:  4    Dex: 12 (13) Spells: 4/4 levels left

rFire   + . .        a - +0 war axe
rCold   + . .        d - +0 buckler
rNeg    . . .        c - +0 chain mail
rPois   +            g - +0 helmet
rElec   +            (no cloak)
rCorr   +            (no gloves)
SInv    .            (no boots)
Will    .....        (no amulet) Stlth
                     k - ring of resist corrosion
HPRegen 0.27/turn    (no ring)
MPRegen 0.10/turn

%: no passive effects
@: resistant
A: high MP 1, forlorn, divine attributes, iridescent scales 1, electricity
resistance, noise suppression
a: no special abilities


You were on level 3 of the Dungeon.
You visited 1 branch of the dungeon, and saw 3 of its levels.

You collected 143 gold pieces.

Inventory:

Hand Weapons
 a - a +0 war axe (weapon)
Armour
 c - a +0 chain mail (worn)
 d - a +0 buckler (worn)
 g - a +0 helmet (worn)
Jewellery
 k - a ring of resist corrosion (left hand)
Scrolls
 e - 2 scrolls of teleportation {unknown}
 h - a scroll of enchant weapon {unknown}
 i - a scroll of amnesia {unknown}
 j - a scroll of blinking {unknown}
 l - 3 scrolls of identify {unknown}
 n - 2 scrolls of torment {unknown}
 o - 2 scrolls of immolation {unknown}
 p - a scroll of noise {unknown}
 u - 3 scrolls of magic mapping {unknown}
Potions
 b - a potion of might
 r - a potion of heal wounds {unknown}
 s - 2 potions of berserk rage {unknown}
 t - 2 potions of brilliance {unknown}
 v - a potion of cancellation {unknown}


   Skills:
 + Level 3.8 Fighting
 + Level 3.1 Axes
 + Level 3.7 Armour
 + Level 3.7 Shields


You had 4 spell levels left.
You didn't know any spells.
Your spell library contained the following spells:

 Spells                   Type           Power      Damage    Failure   Level
 Foxfire                  Conj/Fire      0%         2x1d4     99%         1
 Call Canine Familiar     Summ           0%         N/A       100%        3
 Portal Projectile        Hex/Tloc       0%         N/A       100%        3
 Leda's Liquefaction      Hex/Erth       0%         N/A       100%        4
 Fireball                 Conj/Fire      0%         3d3       100%        5
 Plasma Beam              Fire/Air       0%         2x1d11    100%        6
 Starburst                Conj/Fire      0%         6d3       100%        6


Dungeon Overview and Level Annotations

Branches:
Dungeon (3/15)

Shops:
D:2 [(


Innate Abilities, Weirdness & Mutations

You have an increased reservoir of magic. (+10% MP)
You shall have no god before yourself.
Your divine heritage dramatically boosts your attributes as you level up.
You are partially covered in iridescent scales. (AC +2)
You are resistant to electric shocks. (rElec)
You passively dampen the noise of your surroundings.


Message History

The puff of flame hits you but does no damage.
The orc priest invokes the aid of Beogh against you.
Beogh smites you! You block something's attack.
You hear a shout!
You barely miss something. Something hits you.
An orc comes into view. It is wielding a +0 flail.
You miss something. You block something's attack.
You hear some strange, mumbled words.
A magic dart appears from out of thin air!
The magic dart hits you but does no damage.
You closely miss something.
You hear some strange, mumbled words.
You are confused.
You bump into the rock wall.
Something hits you but does no damage.
You miss something. Something hits you but does no damage.
You bump into the rock wall.
Something hits you.
You miss something. Something hits you. Something hits you but does no damage.
You miss something. Something hits you but does no damage.
You bump into the rock wall.
You feel less confused. Something hits you but does no damage.
You closely miss something. Something hits you.
* * * LOW HITPOINT WARNING * * *
The orc priest calls down the wrath of Beogh upon you.
Beogh smites you!
* * * LOW HITPOINT WARNING * * *
It was a potion of degeneration.
There was something very wrong with that liquid.
You feel weakened.
You feel dopey.
You feel clumsy. The orc misses you.
It was a potion of mutation.
You feel extremely strange.
Iridescent scales grow over part of your body.
You feel your surroundings grow quieter.
You feel insulated. The orc hits you but does no damage.
Sorry, you're not good enough to have a special ability.
It was a potion of resistance.
You feel protected. The orc hits you with a +0 flail.
You die...

########################
................@o{og...
...################oo###
##.# .. # ##.## ...
#...##..# ........#
#...###... ##.## . #.#


You could see an orc priest, 3 orcs and a goblin.

Vanquished Creatures
  An orc wizard (D:3)
  7 gnolls
  6 adders
  2 worms (D:3)
  2 dart slugs
  4 orcs (D:3)
  3 ball pythons
  3 endoplasms
  A giant cockroach (D:2)
  7 goblins
  4 hobgoblins
  8 jackals
  2 quokkas
  5 bats
  6 frilled lizards
  9 kobolds
  2 rats (D:1)
72 creatures vanquished.

Notes
Turn   | Place    | Note
-------+----------+-------------------------------------------
     0 | D:1      | Heoruswealwe the Demigod Fighter began the quest for the
                  | Orb.
     0 | D:1      | Reached XP level 1. HP: 18/18 MP: 3/3
   257 | D:1      | Reached XP level 2. HP: 23/25 MP: 4/4
   694 | D:2      | Reached XP level 3. HP: 13/31 MP: 5/5
  1015 | D:2      | Found Mainoi's Antique Weapon Shoppe.
  1075 | D:2      | Reached XP level 4. HP: 38/38 MP: 6/6
  1200 | D:2      | Found Zoarer's Armour Emporium.
  1979 | D:3      | Reached XP level 5. HP: 28/45 MP: 7/7
  2536 | D:3      | Gained mutation: You are partially covered in iridescent
                  | scales. (AC +2) [potion of mutation]
  2536 | D:3      | Gained mutation: You passively dampen the noise of your
                  | surroundings. [potion of mutation]
  2536 | D:3      | Gained mutation: You are resistant to electric shocks.
                  | (rElec) [potion of mutation]
  2537 | D:3      | Slain by an orc

Illustrated notes

Levels and vault maps discovered:
D:1:      dpeg_arrival_tiny_f, layout_loops_ring
D:2:      minmay_recursive_quarters, layout_basic, serial_shops, shop,
          nicolae_shop_pleasant_corner_grove, shapermc_ecumenical_altar_petra
D:3:      layout_loops_ring, mainiacjoe_overflow_two_lobes,
          mainiacjoe_overflow_cross_hatched, minmay_ogre_servants

Skill      XL: |  1  2  3  4  5 |
---------------+----------------+-----
Axes           | 2 3 |  3.1
Fighting       | 3 |  3.8
Armour         | 3 |  3.7
Shields        | 3 |  3.7

Action                     |  1- 3 |  4- 6 || total
---------------------------+-------+-------++-------
  Melee: War axe           |   121 |   169 ||   290
    Use: Potion            |       |     3 ||     3
 Armour: Scale mail        |    56 |    79 ||   135
         Chain mail        |       |    17 ||    17
  Dodge: Dodged            |    47 |    86 ||   133
  Block: Buckler           |    31 |    36 ||    67
